 Dungeon Crawl Stone Soup version 0.28.0 (webtiles) character file.

Game seed: 5083451038851083735

8425 pkoi the Destroyer (level 11, -1/74 HPs)
             Began as a Grey Draconian Conjurer on Feb 8, 2022.
             Was a Believer of Sif Muna.
             Slain by an eight-headed hydra (7 damage)
             ... on level 1 of the Lair of Beasts.
             The game lasted 00:25:05 (19132 turns).

pkoi the Destroyer (Grey Draconian Conjurer)       Turns: 19132, Time: 00:25:05

Health: -1/74      AC: 19    Str:  9    XL:     11   Next: 9%
Magic:  5/18       EV: 12    Int: 22    God:    Sif Muna [**....]
Gold:   671        SH:  5    Dex: 11    Spells: 9/20 levels left

rFire   + . .      SeeInvis .   x - +5 dagger (protect)
rCold   . . .      Faith    .   (no shield)
rNeg    . . .      Spirit   .   (armour unavailable)
rPois   .          Reflect  +   (helmet restricted)
rElec   .          Harm     .   r - +0 cloak
rCorr   .          Rampage  .   g - +0 pair of gloves
Will    .....                   q - +0 pair of boots
Stlth   ++........              w - amulet of reflection
HPRegen 0.22/turn               p - +4 ring of protection
MPRegen 0.16/turn               v - ring of protection from fire

@: no status effects
A: AC +12, amphibious, unfitting armour, cold-blooded
a: Renounce Religion, Channel Magic


You were on level 1 of the Lair of Beasts.
You worshipped Sif Muna.
Sif Muna was pleased with you.
You visited 3 branches of the dungeon, and saw 12 of its levels.

You collected 671 gold pieces.

Inventory:

Hand Weapons
 a - a +0 whip
 n - a +3 whip of freezing
 s - a +1 dagger of venom
 x - a +5 dagger of protection (weapon)
Missiles
 c - a throwing net
Armour
 g - a +0 pair of gloves (worn)
 q - a +0 pair of boots (worn)
 r - a +0 cloak (worn)
 F - an orb of light
Jewellery
 h - a +6 ring of dexterity
 l - a ring of resist corrosion
 p - a +4 ring of protection (left hand)
 v - a ring of protection from fire (right hand)
 w - an amulet of reflection (around neck)
Wands
 y - a wand of iceblast (5)
 D - a wand of digging (6)
Scrolls
 i - a scroll of brand weapon
 k - 4 scrolls of teleportation
 o - a scroll of fog
 z - a scroll of magic mapping
 A - a scroll of fear
 B - a scroll of silence
Potions
 b - 2 potions of curing {unknown}
 d - 2 potions of ambrosia
 e - a potion of resistance
 f - 4 potions of mutation {unknown}
 j - 5 potions of heal wounds {unknown}
 m - a potion of magic
 t - a potion of brilliance
 u - 4 potions of flight
 C - a potion of degeneration {unknown}
 E - a potion of haste {unknown}


   Skills:
 - Level 3.0 Dodging
 - Level 1.7 Stealth
 - Level 5.0 Spellcasting
 + Level 10.4 Conjurations
 + Level 8.8 Translocations
 + Level 8.0 Fire Magic
 + Level 6.1 Invocations


You had 9 spell levels left.
You knew the following spells:

 Your Spells              Type           Power      Damage    Failure   Level
a - Magic Dart            Conj           100%       1d8       1%          1
b - Searing Ray           Conj           100%       2d8       1%          2
c - Iskenderun's Mystic   Conj/Tloc      47%        2d10      1%          4
d - Flame Wave            Conj/Fire      46%        2d10      2%          4

Your spell library contained the following spells:

 Spells                   Type           Power      Damage    Failure   Level
 Foxfire                  Conj/Fire      100%       2x1d9     1%          1
 Scorch                   Fire           80%        2d9       1%          2
 Conjure Flame            Conj/Fire      46%        6-21      1%          3
 Dazzling Flash           Conj/Hex       56%        N/A       3%          3
 Inner Flame              Hex/Fire       23%        N/A       6%          3
 Mephitic Cloud           Conj/Pois/Air  20%        N/A       8%          3
 Fulminant Prism          Conj/Hex       14%        3d9       12%         4
 Call Imp                 Summ           5%         N/A       16%         2
 Corpse Rot               Necr/Air       10%        N/A       16%         2
 Starburst                Conj/Fire      23%        6d8       34%         6
 Dispel Undead            Necr           5%         3d7       69%         4
 Petrify                  Tmut/Erth      5%         N/A       69%         4
 Iron Shot                Conj/Erth      14%        9d4       88%         6
 Blade Hands              Tmut           2%         N/A       95%         5
 Metabolic Englaciation   Hex/Ice        2%         N/A       95%         5
 Death Channel            Necr           2%         N/A       100%        6
 Statue Form              Tmut/Erth      3%         N/A       100%        6
 Summon Cactus Giant      Summ           2%         N/A       100%        6
 Animate Armour           Summ/Erth      Unusable   N/A       N/A         4

Dungeon Overview and Level Annotations

Branches:
Dungeon (10/15)            Temple (1/1) D:6            Lair (1/6) D:9
    Orc: D:9-12

Altars:
Ashenzari
Cheibriados
Dithmenos
Elyvilon
Fedhas
Gozag
Hepliaklqana
Kikubaaqudgha
Makhleb
Nemelex Xobeh
Okawaru
Qazlal
Ru
Sif Muna
Trog
Uskayaw
Vehumet
Wu Jian
Xom
Yredelemnul
Zin

Annotations:
D:4 3 runed translucent doors, dropkickpikachu's ghost, amateur MiBe
Lair:1 1 runed translucent door


Innate Abilities, Weirdness & Mutations

Your dull iron-grey scales are very hard. (AC +12)
You are amphibious.
You cannot fit into any form of body armour.
You are cold-blooded and may be slowed by cold attacks.


Message History

The flame wave engulfs the bush.
The bush is on fire!
The bush is lightly damaged.
The eight-headed hydra bites you!
* * * LOW HITPOINT WARNING * * *
The eight-headed hydra bites you but does no damage.
The eight-headed hydra bites you.
* * * LOW HITPOINT WARNING * * *
The eight-headed hydra bites you but does no damage.
The eight-headed hydra bites you.
* * * LOW HITPOINT WARNING * * *
The eight-headed hydra bites you but does no damage. x2
The eight-headed hydra bites you.
* * * LOW HITPOINT WARNING * * *
A wave of flame ripples out!
The flame wave engulfs the eight-headed hydra!
The eight-headed hydra is severely wounded.
The flame wave engulfs the bush.
The bush is lightly damaged.
You finish channelling waves of flame.
The eight-headed hydra barely misses you.
The eight-headed hydra misses you. The eight-headed hydra bites you!
* * * LOW HITPOINT WARNING * * *
You block the eight-headed hydra's attack.
The eight-headed hydra closely misses you.
The eight-headed hydra bites you!
* * * LOW HITPOINT WARNING * * *
The eight-headed hydra closely misses you.
The eight-headed hydra bites you but does no damage.
Casting: Flame Wave (dangerous; 2% risk of failure)
Confirm with . or Enter, or press ? or * to list all spells.
You erupt in a blast of force!
The mystic blast hits the bush!
The bush is lightly damaged.
The mystic blast hits the eight-headed hydra!
The eight-headed hydra is almost dead.
The eight-headed hydra bites you!
* * * LOW HITPOINT WARNING * * *
The eight-headed hydra closely misses you.
The eight-headed hydra bites you but does no damage.
The eight-headed hydra bites you!
You die...

###.##################..##.######
.................................
##P...............######P........
..........(.......# ##....##.#
..#...............# ##....# #
..#......#####P...# #.....#
'##......# ###.<# ##..[.##
.........# #...## #P.....###
#.#......# ##@.P######P.......
##.......# ####D................
#.#......####.##...#...######....
..................#..........#...
≈............................#.#.
≈≈≈...............#.###.###..#.#.
≈≈≈........#.###..#.#.....#....#.
≈≈≈.......#####P..#.#.....#..#.#.
≈≈≈.......###.......+.....#....#


You could see an eight-headed hydra.

Vanquished Creatures
  Pikel (D:4)
  2 cane toads (Lair:1)
  Psyche (D:8)
  A hornet (D:10)
  Sigmund (D:5)
  A wyvern (D:7)
  6 yaks (D:10)
  2 steam dragons
  3 wargs (D:9)
  3 hell hounds (D:10)
  A water moccasin (Lair:1)
  3 orc warriors
  An ice beast (D:5)
  A sky beast (D:5)
  A necrophage (D:7)
  5 ogres
  3 centaurs
  A phantom (D:5)
  A kobold brigand (D:6)
  A lemure (D:5)
  4 bullfrogs
  A scorpion (D:5)
  2 wyvern zombies
  25 wights
  7 howler monkeys
  5 electric eels (D:6)
  2 bullfrog zombies
  2 centaur zombies (D:6)
  2 jellies (D:5)
  2 hounds (D:6)
  8 orc priests
  Crazy Yiuf (D:5)
  2 gnoll shamans
  A bullfrog skeleton (D:5)
  An iguana (D:6)
  Terence (D:3)
  8 orc wizards
  3 killer bee zombies
  Robin (D:4)
  35 gnolls
  7 adders
  2 white imps
  An ufetubus (D:6)
  A worm (D:4)
  3 dart slugs
  35 orcs
  12 ball pythons
  2 bats
  10 endoplasms
  2 giant cockroaches (D:2)
  9 hobgoblins
  12 jackals
  6 quokkas
  5 frilled lizards
  14 goblins
  5 kobolds
  5 rats
283 creatures vanquished.

Vanquished Creatures (others)
  A fungus (Lair:1)
  22 plants
23 creatures vanquished.

Grand Total: 306 creatures vanquished

Notes
Turn   | Place    | Note
-------+----------+-------------------------------------------
     0 | D:1      | pkoi the Draconian Conjurer began the quest for the Orb.
     0 | D:1      | Reached XP level 1. HP: 14/14 MP: 3/3
   325 | D:1      | Reached XP level 2. HP: 20/20 MP: 1/5
  1506 | D:2      | Reached XP level 3. HP: 26/26 MP: 3/7
  1509 | D:2      | Learned a level 2 spell: Searing Ray
  1795 | D:2      | Found a faded altar of an unknown god.
  1847 | D:2      | Found a hide-covered altar of Uskayaw.
  2291 | D:2      | Reached skill level 5 in Conjurations
  2291 | D:2      | Reached XP level 4. HP: 23/33 MP: 0/8
  3107 | D:3      | Learned a level 4 spell: Iskenderun's Mystic Blast
  3192 | D:3      | Found a blossoming altar of Fedhas.
  3328 | D:3      | Noticed Terence
  3489 | D:3      | Reached XP level 5. HP: 38/38 MP: 3/9
  3894 | D:3      | Reached skill level 1 in Translocations
  4211 | D:3      | Reached XP level 6. HP: 45/45 MP: 3/12
  4278 | D:3      | Learned a level 4 spell: Flame Wave
  4484 | D:3      | Killed Terence
  4643 | D:3      | Found a bloodstained altar of Trog.
  5023 | D:3      | Reached skill level 6 in Conjurations
  5850 | D:3      | Your scales start taking on a dull iron-grey colour.
  5850 | D:3      | Reached XP level 7. HP: 50/50 MP: 6/14
  6530 | D:3      | Reached skill level 5 in Spellcasting
  7290 | D:4      | Noticed Robin
  7295 | D:4      | Killed Robin
  7610 | D:4      | Reached skill level 1 in Fire Magic
  8147 | D:4      | Found a runed translucent gate.
  8149 | D:4      | Found a runed translucent gate.
  8149 | D:4      | Found a runed translucent gate.
  8152 | D:4      | Noticed dropkickpikachu's ghost (amateur MiBe)
  8232 | D:5      | Entered Level 5 of the Dungeon
  8238 | D:5      | Reached XP level 8. HP: 57/57 MP: 9/15
  8289 | D:5      | Reached skill level 7 in Conjurations
  9317 | D:5      | Noticed Sigmund
  9469 | D:5      | Noticed Pikel
  9507 | D:4      | Killed Pikel
  9508 | D:4      | Reached skill level 8 in Conjurations
  9508 | D:4      | Reached skill level 5 in Translocations
  9508 | D:4      | Reached XP level 9. HP: 52/62 MP: 4/16
  9641 | D:5      | Killed Sigmund
 10162 | D:5      | Found a runed translucent door.
 10163 | D:5      | Noticed Crazy Yiuf
 10297 | D:5      | Found a sacrificial altar of Ru.
 10306 | D:5      | Found a shimmering altar of Xom.
 10465 | D:5      | Killed Crazy Yiuf
 10466 | D:5      | Reached skill level 5 in Fire Magic
 11388 | D:6      | Found a staircase to the Ecumenical Temple.
 11400 | Temple   | Entered the Ecumenical Temple
 11460 | Temple   | Became a worshipper of Sif Muna the Loreminder
 11705 | D:6      | Reached skill level 1 in Invocations
 12312 | D:6      | Reached skill level 9 in Conjurations
 13733 | D:8      | Reached XP level 10. HP: 69/69 MP: 8/17
 13734 | D:8      | Reached * piety under Sif Muna
 14937 | D:8      | Noticed Psyche
 14948 | D:8      | Killed Psyche
 15543 | D:9      | Reached ** piety under Sif Muna
 15975 | D:9      | Found a staircase to the Lair.
 16440 | D:9      | Found a snail-covered altar of Cheibriados.
 16450 | D:9      | Reached skill level 10 in Conjurations
 16450 | D:9      | Reached skill level 5 in Invocations
 17460 | D:10     | Entered Level 10 of the Dungeon
 17465 | D:10     | Found a broken altar of Ashenzari.
 17843 | D:10     | Paralysed by a hornet for 2 turns
 17850 | D:10     | Reached XP level 11. HP: 32/74 MP: 4/18
 18170 | D:10     | Noticed a two-headed ogre
 18321 | D:10     | Identified the +1 leather armour of Liostik Goha {Dex+2
                  | Stlth+}
 18357 | Lair:1   | Entered Level 1 of the Lair of Beasts
 19075 | Lair:1   | Found a runed translucent door.
 19096 | Lair:1   | Noticed an eight-headed hydra
 19132 | Lair:1   | Slain by an eight-headed hydra

Illustrated notes

Levels and vault maps discovered:
D:1:      shiori_arrival_maze, layout_basic
D:2:      layout_loops_cross, basic_altar,
          hellmonk_ecumenical_altar_pennies_from_heaven
D:3:      lemuel_castle_with_subvaults [lemuel_castle_interior_carwin_3],
          layout_rooms, fedhas_ov_isle_minmay, mainiacjoe_overflow_alcove_2,
          uniq_terence
D:4:      layout_basic, gammafunk_ghost_necromancy, uniq_robin
D:5:      layout_basic, mainiacjoe_overflow_swirl, lemuel_old_faithful,
          uniq_crazy_yiuf_cottage, uniq_sigmund, uniq_pikel
D:6:      layout_basic, temple_green, serial_bayou, serial_bayou_pond_c,
          serial_bayou_shore_a, serial_bayou_pond_e, serial_bayou_pond_b,
          serial_bayou_lagoon_a, small_statue_intersection,
          chequers_serial_rivers_small_a
D:7:      layout_gridville
D:8:      layout_rooms, st_stairs_9, nicolae_wwwww, uniq_psyche
D:9:      layout_stronghold, mainiacjoe_overflow_boulevard,
          erik_lair_orcish_takeover
D:10:     layout_rooms, nicolae_ashenzari_panopticon, minmay_rotating_lava
Temple:   nicolae_temple_x_marks_the_god
Lair:1:   layout_chaotic_city, ebering_ghost_reflecting_pool,
          infiniplex_staircase_pool_2

Skill      XL: |  1  2  3  4  5  6  7  8  9 10 11 |
---------------+----------------------------------+-----
Spellcasting   | 3 4 5 |  5.0
Conjurations   | 5 6 8 9 10 | 10.4
Translocations | 1 2 3 5 7 8 |  8.8
Dodging        | 2 3 |  3.0
Fire Magic     | 1 4 6 7 8 |  8.0
Invocations    | 3 5 6 |  6.1
Stealth        | |  1.7

Action                   |  1- 3 |  4- 6 |  7- 9 | 10-12 || total
-------------------------+-------+-------+-------+-------++-------
Melee: Whip              |       |    11 |    42 |     7 ||    60
       Punch             |       |     1 |     1 |       ||     2
       Tailslap          |       |       |     4 |     9 ||    13
       Dagger            |       |       |       |    61 ||    61
 Cast: Magic Dart        |    79 |   145 |   102 |    26 ||   352
       Searing Ray       |     1 |    11 |    81 |    52 ||   145
       Iskenderun's Myst |       |       |     1 |     9 ||    10
       Flame Wave        |       |       |       |     1 ||     1
  Use: Scroll            |       |     8 |     1 |    10 ||    19
Armor: Skin              |     2 |     4 |    60 |    91 ||   157
Dodge: Dodged            |     5 |    22 |   109 |    92 ||   228
Block: Other             |       |       |     1 |    35 ||    36
       Reflection        |       |       |       |     2 ||     2
